 Dungeon Crawl Stone Soup version 0.24-a0-530-g18ba70b503 (webtiles) character file.

Game seed: 13720934472896308674

491 Norm the Skirmisher (level 7, -2/76 HPs)
             Began as an Ogre Abyssal Knight on Aug 9, 2019.
             Was a Priest of Lugonu.
             Killed from afar by a white imp (10 damage)
             ... with a puff of frost
             ... summoned by Natasha
             ... on level 4 of the Dungeon.
             The game lasted 00:12:53 (4640 turns).

Norm the Skirmisher (Ogre Abyssal Knight)           Turns: 4640, Time: 00:12:54

Health: -2/76      AC:  3    Str: 17    XL:     7   Next: 14%
Magic:  10/10      EV: 10    Int: 15    God:    Lugonu [***...]
Gold:   169        SH:  0    Dex:  8    Spells: 6/6 levels left

rFire    . . .     SeeInvis .   a - +2 flail (protect)
rCold    . . .     Gourm    .   (no shield)
rNeg     . . .     Faith    .   v - +0 robe
rPois    .         Spirit   .   (helmet restricted)
rElec    .         Reflect  .   (no cloak)
rCorr    .         Harm     .   (gloves unavailable)
MR       .....                  (boots unavailable)
Stlth    +.........             (no amulet)
HPRegen  0.22/turn              (no ring)
MPRegen  0.12/turn              (no ring)

@: no status effects
A: large, unfitting armour, tough skin 1
a: Depart the Abyss, Bend Space, Banish, Renounce Religion


You were on level 4 of the Dungeon.
You worshipped Lugonu.
Lugonu was most pleased with you.
You were not hungry.

You visited 1 branch of the dungeon, and saw 4 of its levels.
You visited the Abyss 1 time.

You collected 169 gold pieces.

Inventory:

Hand Weapons
 a - a +2 flail of protection (weapon)
 b - a +0 hunting sling
 d - a +0 dagger
 h - a +0 giant club
 r - a +1 mace
 t - a +2 shortbow of freezing
 x - a +6 flail
Missiles
 e - 145 stones (quivered)
 o - 16 sling bullets
 u - 21 arrows
Armour
 v - a +0 robe (worn)
Jewellery
 j - a +3 ring of strength {unknown}
 n - an uncursed ring of see invisible {unknown}
 p - an uncursed ring of protection from magic {unknown}
Scrolls
 f - a scroll of teleportation
 g - a scroll of random uselessness
 k - 2 scrolls of fog
 q - a scroll of magic mapping
Potions
 i - 3 potions of curing
 l - a potion of degeneration {unknown}
 s - a potion of lignification {unknown}
 z - a potion of brilliance {unknown}
 A - a potion of haste {unknown}
Comestibles
 c - 9 rations
 m - 2 chunks of flesh


   Skills:
 + Level 6.8 Fighting
 + Level 4.1 Maces & Flails
 - Level 2.1 Dodging
 + Level 4.9 Invocations


You had 6 spell levels left.
You didn't know any spells.
Your spell library was empty.

Dungeon Overview and Level Annotations

Branches:
Dungeon (4/15)
 Temple: D:4-7

Altars:
Nemelex Xobeh
Sif Muna
The Shining One

Annotations:
D:4 Natasha


Innate Abilities, Weirdness & Mutations

You are too large for most types of armour.
You have tough skin. (AC +1)


Message History

The puff of frost hits you.
* * * LOW HITPOINT WARNING * * *
The crimson imp blinks!
Natasha growls.
Natasha stares at you and mumbles some strange words.
The magic dart hits you but does no damage.
You closely miss Natasha.
Natasha is moderately wounded.
The white imp closely misses you.
The crimson imp blinks!
The shadow imp gestures at you.
You struggle to resist.
Natasha claws you but does no damage. The white imp gestures at you.
The puff of frost hits you!
* * * LOW HITPOINT WARNING * * *
You feel better. The shadow imp hits you.
* * * LOW HITPOINT WARNING * * *
Natasha barely misses you. The white imp gestures at you.
The puff of frost hits you!
You die...

##..##..............******,,
#.........###.......####.,,,
##...#..#...##............,,,
#....#..##..##..<........,,,,
##....#..##..............***,,
#......................#,,*,,*
###...................#*,,*#,#
#..........5§h....5..###,.#..
##.#........@5....÷.##.#.....
#.##.....<............(.....
#######........§............
##......###..#..##....
##.........##.......#
##........##..###..#
##.#...#..##..,,,,#
#........##...,,,,
##......###...#,**


You could see Natasha, a crimson imp, a white imp and a shadow imp.

Vanquished Creatures
  An ogre (D:4)
  2 centaurs (D:3)
  An orc wizard (D:3)
  Natasha (twice) (D:4)
  Terence (D:3)
  2 adders
  2 dart slugs
  4 worms
  2 leopard geckos
  18 orcs
  6 giant cockroaches
  11 goblins
  10 hobgoblins
  4 jackals
  14 kobolds
  3 quokkas
  7 bats
  8 rats
98 creatures vanquished.

Notes
Turn   | Place    | Note
-------+----------+-------------------------------------------
     0 | Abyss:1  | Norm the Ogre Abyssal Knight began the quest for the Orb.
     0 | Abyss:1  | Reached XP level 1. HP: 24/24 MP: 2/2
    24 | D:1      | Escaped the Abyss
    98 | D:1      | Reached XP level 2. HP: 23/32 MP: 3/3
   594 | D:1      | Reached ** piety under Lugonu
   656 | D:1      | Reached XP level 3. HP: 40/40 MP: 4/4
   807 | D:1      | Found a sparkling altar of Nemelex Xobeh.
  1226 | D:2      | Found a faded altar of an unknown god.
  1728 | D:2      | Reached XP level 4. HP: 28/49 MP: 6/6
  1962 | D:2      | Reached skill level 5 in Fighting
  2824 | D:3      | Reached *** piety under Lugonu
  2867 | D:3      | Noticed a centaur
  2873 | D:3      | Killed a centaur
  2873 | D:3      | Reached XP level 5. HP: 33/58 MP: 7/7
  3198 | D:3      | Noticed a centaur
  3213 | D:3      | Killed a centaur
  3213 | D:3      | Reached skill level 6 in Fighting
  3213 | D:3      | Reached XP level 6. HP: 40/67 MP: 9/9
  3556 | D:3      | Noticed Terence
  3590 | D:3      | Killed Terence
  4093 | D:3      | Found a glowing golden altar of the Shining One.
  4122 | D:3      | Found a deep blue altar of Sif Muna.
  4202 | D:4      | Noticed Natasha
  4208 | D:4      | Killed Natasha
  4357 | D:4      | Reached XP level 7. HP: 27/76 MP: 10/10
  4589 | D:4      | Noticed Natasha
  4607 | D:4      | Killed Natasha
  4622 | D:4      | Noticed Natasha
  4640 | D:4      | Killed from afar by a white imp

Levels and vault maps discovered:
D:1:      dpeg_arrival_chase, layout_basic, nemelex_diamond_rough_becter
D:2:      minmay_inner_zag, layout_basic, chequers_ecumenical_altar_simple,
          first_ration
D:3:      layout_loops_ring, grunt_temple_overflow_open, uniq_terence
D:4:      layout_cave_pools, old_standard_altar, serial_shops,
          kennysheep_little_box, nicolae_shop_stone, minmay_divided_ellipse,
          uniq_edmund, uniq_robin, uniq_natasha

Skill      XL: |  1  2  3  4  5  6 |
---------------+-------------------+-----
Maces & Flails | 2 3 4 |  4.1
Invocations    | 3 4 |  4.9
Fighting       | 5 6 |  6.8
Dodging        | |  2.1

Action                   |  1- 3 |  4- 6 |  7- 9 || total
-------------------------+-------+-------+-------++-------
Melee: Mace              |   123 |    86 |       ||   209
       Flail             |       |   102 |    21 ||   123
 Fire: Hunting sling     |       |    50 |       ||    50
Throw: Stone             |     4 |       |       ||     4
  Use: Scroll            |       |     7 |       ||     7
       Potion            |       |       |     1 ||     1
  Eat: Chunk             |     2 |     9 |     1 ||    12
Armor: Robe              |    65 |    54 |     7 ||   126
Dodge: Dodged            |    91 |   127 |    11 ||   229

Table legend:
 A = Non-vault XP
 B = Vault XP
 C = Vault XP percentage of total XP
 D = Non-vault monster count
 E = Vault monster count
 F = Vault count percentage of total count
                 A         B        C        D         E       F
            +---------+---------+-------+---------+---------+-------
      Total |     623 |      79 |  11.3 |      89 |       9 |   9.2
            +---------+---------+-------+---------+---------+-------
        D:1 |      40 |       1 |   2.4 |      24 |       1 |   4.0
        D:2 |      67 |      11 |  14.1 |      25 |       6 |  19.4
        D:3 |     356 |      32 |   8.2 |      38 |       1 |   2.6
        D:4 |     160 |      35 |  17.9 |       2 |       1 |  33.3
            +---------+---------+-------+---------+---------+-------
